 Dungeon Crawl Stone Soup version 0.30-a0-377-g5cb311bc9f (webtiles) character file.

Game seed: 593988861831531566

19 Decritt the Magician (level 2, -3/33 HPs)
             Began as a Djinni Air Elementalist on Nov 28, 2022.
             Slain by Sigmund
             ... wielding a +0 scythe
              (7 damage)
             ... on level 2 of the Dungeon.
             The game lasted 00:03:40 (715 turns).

Decritt the Magician (Djinni Air Elementalist)       Turns: 715, Time: 00:03:41

Health: -3/33      AC: 21    Str:  7    XL:     2   Next: 95%
Gold:   52         EV:  2    Int: 16    God:
                   SH:  0    Dex: 13

rFire   . . .      SeeInvis .    (no weapon)
rCold   . . .      Faith    .    (no shield)
rNeg    . . .      Spirit   .    (body armour currently unavailable)
rPois   ∞          Reflect  .    (helmet currently unavailable)
rElec   .          Harm     .    (cloak currently unavailable)
rCorr   .          Rampage  .    (gloves currently unavailable)
Will    .....      NoTele   +    (boots unavailable)
Stlth   ++........               (no amulet)
HPRegen 0.25/turn                (no ring)
MPRegen 0.00/turn                (no ring)

@: mighty, tree-form, weak-willed
A: stationary, stasis, torment immunity, boosted hp, sickness immunity, (fire
resistance 2), (cold vulnerability 1), float, innate caster, HP casting, extra
vitality 1
a: no special abilities


You were on level 2 of the Dungeon.
You were a tree.
You visited 1 branch of the dungeon, and saw 2 of its levels.

You collected 52 gold pieces.

Inventory:

Armour
 a - a +0 robe (melded)
Jewellery
 f - a +6 ring of intelligence
Scrolls
 b - 3 scrolls of identify {unknown}


   Skills:
 + Level 1.5 Fighting
 - Level 2.1 Dodging
 - Level 1.5 Stealth
 + Level 2.8 Spellcasting


You couldn't memorise any spells.
You knew the following spells:

 Your Spells              Type           Power      Damage    Failure   Level
a - Shock                 Conj/Air       44%        1d5       6%          1
b - Airstrike             Air            5%         2d(1-17)  52%         4
d - Static Discharge      Conj/Air       22%        2-3/arc   9%          2
s - Swiftness             Air            11%        N/A       19%         3
Your spell library was empty.

Dungeon Overview and Level Annotations

Branches:
Dungeon (1/15)

Altars:

Shops:
D:1 (

Annotations:
D:2 Sigmund


Innate Abilities, Weirdness & Mutations

You are a tree.
Your roots penetrate the ground, keeping you stationary.
You cannot be teleported.
You are immune to unholy pain and torment.
Your maximum health is greatly increased.
Your equipment is partially melded.
You are immune to sickness and miasma.
You are immune to poison.
((Your flesh is very heat resistant. (rF++)))
((You are vulnerable to cold. (rC-)))
You float through the air rather than walking.
You learn spells naturally, not from books.
Your magical power is your life essence.
You have superior vitality. (+4 MHP)


Message History

* * * LOW HITPOINT WARNING * * *
Sigmund mumbles some strange words.
Sigmund flickers and vanishes!
Deactivating autopickup; reactivate with Ctrl-A.
Casting: Shock (safe; 6% risk of failure)
Confirm with . or Enter, or press ? or * to list all spells.
Okay, then.
You hear some strange, mumbled words.
Something tries to affect you, but you resist.
There is an open door here.
You are confused.
You bump into the rock wall.
You bump into the rock wall.
It was a potion of might.
You feel very mighty all of a sudden.
It was a potion of lignification.
You turn into a tree.
Your +0 robe melds into your body.
Your roots penetrate the ground.
You feel less confused. Something hits you but does no damage.
It was a potion of flight.
Your roots keep you in place.
Something hits you.
* * * LOW HITPOINT WARNING * * *
The air fills with toxic fumes!
As you read the scroll labelled CEDEUR POYMU TIMM, it crumbles to dust.
It was a scroll of poison.
As you read the scroll labelled DYQU PEFOABA, it crumbles to dust.
Magic quickly surges around you.
It was a scroll of vulnerability.
Something hits you but does no damage.
As you read the scroll labelled GATUMIC YSSA, it crumbles to dust.
It is a scroll of amnesia.
You feel forgetful for a moment. Something hits you but does no damage.
As you read the scroll labelled NEODOM SUTHERPH, it crumbles to dust.
The scroll dissolves into smoke.
It was a scroll of fog.
As you read the scroll labelled NUSIDADDOE, it crumbles to dust.
You feel a strange sense of stasis.
It was a scroll of teleportation.
Something hits you!
* * * LOW HITPOINT WARNING * * *
As you read the scroll labelled ZUOMECIPLU, it crumbles to dust.
You feel aware of your surroundings.
It was a scroll of magic mapping.
Something hits you!
You die...

##...####.......<.####....####
#.......+.☼§§§§§§.+...........
##...####..§§§§§..####....####
#..## *#.§§§§☼)######.......
#.## ##.§§§.##.........##. #.#
##☼§☼###.###.....#*, #.# ##{##
#.# #..##.##. #.# #§# #.#
#........ #.# #♣#
#.###.###.### #.#
##§####.........# #.#
#######§§§........#####
#.###.....§§§☼§########
#.....#####§§§## ####### ##§##
#§# #§# #.#


There were no monsters in sight!

Vanquished Creatures
  A worm (D:2)
  2 dart slugs (D:2)
  An endoplasm (D:2)
  A hobgoblin (D:2)
  2 jackals (D:2)
  A quokka (D:2)
  A ball python (D:2)
  2 kobolds (D:2)
  2 rats (D:2)
13 creatures vanquished.

Notes
Turn   | Place    | Note
-------+----------+-------------------------------------------
     0 | D:1      | Decritt the Djinni Air Elementalist began the quest for the
                  | Orb.
     0 | D:1      | Decritt set off with the following spells memorised: Shock,
                  | Static Discharge, Swiftness, Airstrike.
     0 | D:1      | Reached XP level 1. HP: 15/15 MP: 0/0
   115 | D:1      | Found Xuunnos's Antique Weapon Boutique.
   226 | D:1      | You are sucked into a shaft and drop 1 floor!
   237 | D:2      | Found a faded altar of an unknown god.
   432 | D:2      | Reached XP level 2. HP: 21/22 MP: 0/0
   438 | D:2      | Reached skill level 1 in Fighting
   687 | D:2      | Noticed Sigmund
   715 | D:2      | Slain by Sigmund

Illustrated notes

Levels and vault maps discovered:
D:1:      spicycebolla_arrival_clurvy, layout_basic, serial_shops, shop
D:2:      layout_loops_corners, basic_ecumenical_altar, dk_noncrumbling_3,
          minivault_4, uniq_terence, uniq_sigmund

Skill      XL: |  1  2 |
---------------+-------+-----
Fighting       | 1 |  1.5
Dodging        | |  2.1
Stealth        | |  1.5
Spellcasting   | |  2.8

Action                   || total
-------------------------++-------
 Cast: Shock             ||    48
  Use: Scroll            ||     6
       Potion            ||     3
Armor: Robe              ||     1
       Skin              ||     3
Dodge: Dodged            ||     6

Table legend: (Time is in decaauts)
 A = Elapsed time spent in this place.
 B = Non-inter-level travel time spent in this place.
 C = Inter-level travel time spent in this place.
 D = Time resting spent in this place.
 E = Time spent auto-exploring this place.
 F = Levels seen in this place.
 G = Mean time per level.
                   A        B        C        D        E       F      G
               +--------+--------+--------+--------+--------+-----+--------+
         Total |    714 |    714 |      0 |    100 |    502 |   2 |  357.0 |
       Dungeon |    714 |    714 |      0 |    100 |    502 |   2 |  357.0 |
               +--------+--------+--------+--------+--------+-----+--------+

Top non-repeatable levels by time:
     D:2: 488 daAuts
     D:1: 226 daAuts
